 Dungeon Crawl Stone Soup version 0.26.1-2-gb8aa6d0cf2 (webtiles) character file.

Game seed: 3935376808300767335

20 DolphinKB the Conjurer (level 2, 0/20 HPs)
             Began as a Draconian Conjurer on Mar 24, 2021.
             Slain by an adder (2 damage)
             ... on level 4 of the Dungeon.
             The game lasted 00:08:41 (1546 turns).

DolphinKB the Conjurer (Draconian Conjurer)         Turns: 1546, Time: 00:08:42

Health: 0/20       AC:  4    Str:  9    XL:     2   Next: 58%
Magic:  0/5        EV: 12    Int: 18    God:
Gold:   45         SH:  0    Dex:  9    Spells: 4/5 levels left

rFire    . . .     SeeInvis .   d - +0 dagger
rCold    . . .     Faith    .   (no shield)
rNeg     . . .     Spirit   .   (armour unavailable)
rPois    .         Reflect  .   (helmet restricted)
rElec    .         Harm     .   (no cloak)
rCorr    .         Rampage  .   (no gloves)
Will     .....                  (no boots)
Stlth    +.........             (no amulet)
HPRegen  0.06/turn              b - ring of attention (curse)
MPRegen  0.09/turn              (no ring)

@: no status effects
A: unfitting armour, cold-blooded, AC +4
a: no special abilities


You were on level 4 of the Dungeon.
You visited 1 branch of the dungeon, and saw 4 of its levels.

You collected 45 gold pieces.

Inventory:

Hand Weapons
 a - a +0 short sword
 d - a +0 dagger (weapon)
 g - a +0 dagger
Armour
 f - a +2 scale mail
Jewellery
 b - a cursed ring of attention (left hand)
Scrolls
 c - a scroll of teleportation {unknown}
Potions
 e - a potion of brilliance {unknown}
 h - a potion of heal wounds {unknown}


   Skills:
 + Level 0.1 Short Blades
 + Level 1.7 Dodging
 + Level 1.9 Stealth
 * Level 2.1 Spellcasting
 * Level 4.5 Conjurations


You had 4 spell levels left.
You knew the following spells:

 Your Spells              Type           Power        Failure   Level
a - Magic Dart            Conj           72%          2%          1

Your spell library contained the following spells:

 Spells                   Type           Power        Failure   Level
 Searing Ray              Conj           36%          4%          2
 Dazzling Flash           Conj/Hex       20%          21%         3
 Fulminant Prism          Conj/Hex       5%           56%         4
 Iskenderun's Mystic Bla  Conj/Tloc      10%          56%         4


Dungeon Overview and Level Annotations

Branches:
Dungeon (4/15)
 Temple: D:4-7

Altars:


Innate Abilities, Weirdness & Mutations

Your plain brown scales are hard. (AC +4)
You cannot fit into any form of body armour.
You are cold-blooded and may be slowed by cold attacks.


Message History

Press: ? - help, Q - select action Shift-Dir - straight line, f/p - adder
Aim: an adder (heavily wounded, 0% to evade)
The magic dart hits the adder but does no damage.
The adder is heavily wounded.
The quokka bites you but does no damage.
The quokka bites you.
* * * LOW HITPOINT WARNING * * *
You miss the adder.
Your tail-slap misses the adder.
The adder is heavily wounded.
The adder completely misses you. The quokka closely misses you.
The adder bites you.
* * * LOW HITPOINT WARNING * * *
Aiming: Magic Dart (safe; 2% risk of failure)
Press: ? - help, Q - select action Shift-Dir - straight line, f - adder, p - adder
Aim: an adder (0% to evade)
The magic dart hits the adder.
The adder is lightly wounded.
The adder bites you but does no damage. The quokka misses you.
The adder barely misses you. The adder bites you.
You die...

.....#
#....#.......
#....#.......
#....#.......
#<...#.......
#...##.......
#####...##.......
........Sr.......
........@SZ......
...##...##.......
... #...# .......
## #...# ...##..
#....# ...# .
#....# ...#
#....+ ...#
#....# ...+


You could see 2 adders, a quokka and an adder skeleton.

Vanquished Creatures
  A giant cockroach (D:1)
  4 goblins
  2 hobgoblins (D:2)
  6 kobolds
  3 bats
  A quokka skeleton (D:3)
  2 rats
19 creatures vanquished.

Notes
Turn   | Place    | Note
-------+----------+-------------------------------------------
     0 | D:1      | DolphinKB the Draconian Conjurer began the quest for the
                  | Orb.
     0 | D:1      | Reached XP level 1. HP: 14/14 MP: 3/3
   428 | D:2      | Reached XP level 2. HP: 20/20 MP: 3/5
  1546 | D:4      | Slain by an adder

Illustrated notes

Levels and vault maps discovered:
D:1:      amcnicky_arrival_wind_blow, layout_loops_corners,
          minmay_small_reverse_x
D:2:      layout_rooms, riverfiend_overflow_shadow_ancestor,
          chequers_serial_rivers_room_a, kennysheep_slug_shrine
D:3:      layout_basic, amethyst_killhole
D:4:      layout_gridville, enter_ossuary_3, nemelex_dance_club_becter

Action                   || total
-------------------------++-------
Melee: Short sword       ||    14
       Tailslap          ||     5
       Dagger            ||    12
 Cast: Magic Dart        ||    26
  Use: Scroll            ||     2
Armor: Skin              ||    18
Dodge: Dodged            ||    54
